 Dungeon Crawl Stone Soup version 0.26.1-11-gd32895ea62 (webtiles) character file.

Game seed: 11009039647332628143

33363 nightchill the Cleaver (level 13, -2/123 HPs)
             Began as a Hill Orc Fire Elementalist on Apr 11, 2021.
             Was an Initiate of Gozag.
             Killed by an exploding an eight-headed hydra (24 damage)
             ... exploding inner flame
             ... on level 4 of the Lair of Beasts on Apr 12, 2021.
             The game lasted 00:59:40 (28226 turns).

nightchill the Cleaver (HOFE)                      Turns: 28226, Time: 00:59:41

Health: -2/123     AC: 12    Str: 14    XL:     13   Next: 70%
Magic:  8/23       EV: 10    Int: 20    God:    Gozag
Gold:   2753       SH:  0    Dex: 11    Spells: 11/26 levels left

rFire    . . .     SeeInvis +   a - +0 war axe
rCold    . . .     Faith    .   (no shield)
rNeg     . . .     Spirit   .   O - +0 swamp dragon scales
rPois    +         Reflect  .   X - +2 helmet {Int+3}
rElec    .         Harm     .   k - scarf {repulsion}
rCorr    .         Rampage  .   G - +0 pair of gloves
Will     .....                  Q - +0 pair of boots
Stlth    +.........             t - amulet of the acrobat
HPRegen  0.30/turn              K - ring of see invisible
MPRegen  0.18/turn              H - ring of wizardry

@: gold aura, repel missiles
A: no striking features
a: Renounce Religion, Potion Petition, Call Merchant, Bribe Branch


You were on level 4 of the Lair of Beasts.
You worshipped Gozag.
Gozag was most pleased with you.
You visited 3 branches of the dungeon, and saw 15 of its levels.
You also visited: Ossuary.

You collected 3693 gold pieces.
You paid 940 gold pieces to Gozag.

Inventory:

Hand Weapons
 a - a +0 war axe (weapon)
 b - a +1 dagger of venom
 w - a +0 morningstar of flaming
Missiles
 i - 39 poisoned darts
 j - 7 atropa-tipped darts
 x - 5 curare-tipped darts
 U - a throwing net
Armour
 e - the +1 leather armour "Moibroh" {rF+}
   (You found it on level 10 of the Dungeon)

   It protects you from fire.
 k - a scarf of repulsion (worn)
 y - a +0 helmet
 G - a +0 pair of gloves (worn)
 M - a +2 ring mail of willpower
 O - +0 swamp dragon scales (worn)
 Q - a +0 pair of boots (worn)
 X - a +2 helmet of intelligence (worn)
 Y - the +2 leather armour of Juin {Regen+, unknown}
   (You found it on level 4 of the Lair of Beasts)

   It increases your rate of regeneration.
Magical Staves
 W - an uncursed staff of air
Jewellery
 t - an amulet of the acrobat (around neck)
 H - a ring of wizardry (right hand)
 K - a ring of see invisible (left hand)
 N - an uncursed ring of stealth
 P - an uncursed ring of flight
 T - the ring of Vap Sogg {*Slow +Inv +Fly rElec rC+}
   (You found it on level 1 of the Lair of Beasts)

   [ring of protection from cold]

   It protects you from cold.
   It insulates you from electricity.
   It lets you turn invisible.
   It lets you fly.
   It may slow you when you take damage.
Wands
 m - a wand of random effects (13)
 r - a wand of digging (5)
 F - a wand of enslavement (3)
 J - a wand of iceblast (13)
 S - a wand of flame (20)
Scrolls
 c - 5 scrolls of amnesia
 d - 7 scrolls of remove curse
 f - 2 scrolls of fog {unknown}
 g - 3 scrolls of immolation
 h - 3 scrolls of enchant weapon {unknown}
 l - 3 scrolls of noise {unknown}
 n - a scroll of random uselessness {unknown}
 o - 5 scrolls of teleportation {unknown}
 q - 5 scrolls of magic mapping
 A - a scroll of silence
 R - 3 scrolls of fear {unknown}
Potions
 p - 4 potions of brilliance
 s - 4 potions of lignification
 u - a potion of magic
 v - 4 potions of heal wounds
 z - 7 potions of curing
 B - 2 potions of flight
 C - 5 potions of resistance
 D - 5 potions of attraction
 E - a potion of haste
 I - 3 potions of might
 L - 4 potions of berserk rage
 Z - a potion of ambrosia
Miscellaneous
 V - a box of beasts


   Skills:
 + Level 13.6 Fighting
 * Level 14.9 Axes
 - Level 1.5 Dodging
 - Level 1.5 Stealth
 + Level 7.0 Spellcasting
 + Level 8.8 Conjurations
 + Level 10.3 Fire Magic


You had 11 spell levels left.
You knew the following spells:

 Your Spells              Type           Power        Failure   Level
a - Foxfire               Conj/Fire      100%         1%          1
b - Sticky Flame          Conj/Fire      45%          1%          4
c - Searing Ray           Conj           84%          1%          2
d - Fireball              Conj/Fire      22%          4%          5
e - Inner Flame           Hex/Fire       27%          2%          3

Your spell library contained the following spells:

 Spells                   Type           Power        Failure   Level
 Magic Dart               Conj           100%         1%          1
 Conjure Flame            Conj/Fire      45%          1%          3
 Dazzling Flash           Conj/Hex       48%          4%          3
 Animate Skeleton         Necr           14%          8%          1
 Apportation              Tloc           14%          8%          1
 Corona                   Hex            7%           8%          1
 Summon Small Mammal      Summ           28%          8%          1
 Ensorcelled Hibernation  Hex/Ice        14%          12%         2
 Fulminant Prism          Conj/Hex       12%          12%         4
 Iskenderun's Mystic Bla  Conj/Tloc      24%          12%         4
 Confusing Touch          Hex            7%           22%         3
 Gell's Gravitas          Tloc           3%           22%         3
 Tukima's Dance           Hex            7%           22%         3
 Petrify                  Tmut/Erth      7%           56%         4
 Metabolic Englaciation   Hex/Ice        3%           88%         5
 Yara's Violent Unravell  Hex/Tmut       3%           88%         5


Dungeon Overview and Level Annotations

Branches:
Dungeon (10/15)            Temple (1/1) D:4            Lair (4/6) D:10
  Swamp (0/4) Lair:2        Snake (0/4) Lair:2          Orc (0/2) D:10
Ossuary (visited)

Altars:
Ashenzari
Cheibriados
Dithmenos
Fedhas
Gozag
Hepliaklqana
Kikubaaqudgha
Makhleb
Nemelex Xobeh
Okawaru
Qazlal
Ru
Sif Muna
Trog
Uskayaw
Vehumet
Wu Jian
Xom
Yredelemnul
The Shining One

Annotations:
D:5 3 runed translucent doors, exclusion: downstairs, Torikoriko's ghost, weakling PaDe
D:7 3 runed translucent doors, arta456's ghost, weakling DgCj
D:8 exclusion: downstairs
D:10 3 runed translucent doors, MalarOregon's ghost, journeyman HaAE
Lair:3 exclusions: downstairs and oklob plant
Lair:4 1 exclusion


Message History

* * * LOW HITPOINT WARNING * * *
The eight-headed hydra bites you but does no damage.
The eight-headed hydra bites you.
* * * LOW HITPOINT WARNING * * *
The eight-headed hydra is engulfed in blazing flames.
Flame seeps out of the eight-headed hydra.
Casting: Inner Flame (mildly dangerous; 2% risk of failure)
Confirm with . or Enter, or press ? or * to list all spells.
Aiming: Sticky Flame (mildly dangerous; 1% risk of failure)
Press: ? - help, Shift-Dir - straight line, f/p - eight-headed hydra
Aim: an eight-headed hydra (severely wounded, inner flame, 0% to evade)
The sticky flame hits the eight-headed hydra!
Flame seeps out of the eight-headed hydra.
The eight-headed hydra is almost dead.
The eight-headed hydra is covered in liquid flames!
The eight-headed hydra burns!
The eight-headed hydra explodes!
The fiery explosion engulfs you!!
You die...
Your body crumbles into a pile of gold.

♣≈≈≈.P ###.## ...#
♣♣)≈.# ##..### ##..##
♣♣♣♣.# #....P###...P#
. ♣.# #...........##
.. ♣.. #..#.###.##..#
♣. ... #....######.##
♣ .....##..#..##.#..#
# ♣.......#...#§§...#
###.....#.....§○@...#
#.........#$$##§#####
...<..........###
##......P....P#
#.#...........#
.......##.#.##.#
........#...# ##
.......##..##
#####.###..#


There were no monsters in sight!

Vanquished Creatures
  6 hydras
  Nergalle (Lair:1)
  A torpor snail (Lair:2)
  A guardian serpent (Lair:2)
  Maurice (D:8)
  8 cane toads
  Maggie (D:7)
  2 komodo dragons
  A troll (D:9)
  3 polar bears
  3 blink frogs (Lair:3)
  3 hornets
  Prince Ribbit (D:8)
  3 dream sheep (Lair:2)
  A wraith (D:8)
  4 wyverns
  4 humans
  A basilisk (Lair:1)
  20 yaks
  A steam dragon (Lair:4)
  Menkaure (D:4)
  8 water moccasins
  2 sky beasts
  4 phantoms
  2 swamp drakes (Lair:4)
  An eye of draining (D:10)
  11 orc warriors
  An ice beast (D:10)
  A black bear (Lair:2)
  6 ogres
  12 wolves (Lair:2)
  7 centaurs
  8 big kobolds
  14 bullfrogs
  A wyvern zombie (D:10)
  6 jellies
  A wyvern skeleton (D:10)
  5 scorpions
  4 killer bees (D:9)
  5 howler monkeys
  2 bullfrog zombies (D:8)
  A quasit (D:8)
  8 orc priests
  2 bullfrog skeletons
  2 hounds
  3 centaur skeletons
  3 iguanas
  8 orc wizards
  12 worker ants
  8 mummies (Ossuary)
  Robin (D:4)
  11 adders
  A gnoll (D:5)
  2 shadow imps (D:8)
  4 white imps
  3 ufetubi
  2 adder zombies
  4 adder skeletons
  4 worms
  3 dart slugs
  4 leopard geckos
  34 orcs
  10 giant cockroaches
  28 goblins
  18 hobgoblins
  7 jackals
  50 kobolds
  3 quokkas
  8 bats
  2 frilled lizards (D:2)
  A gnoll zombie (Ossuary)
  A goblin zombie (D:5)
  2 hobgoblin zombies (Ossuary)
  2 kobold zombies (Ossuary)
  3 orc zombies (Ossuary)
  3 rats
  A rat zombie (D:5)
427 creatures vanquished.

Vanquished Creatures (others)
  A bush (Lair:4)
  363 foxfires
  27 fungi
  49 plants
440 creatures vanquished.

Grand Total: 867 creatures vanquished

Notes
Turn   | Place    | Note
-------+----------+-------------------------------------------
     0 | D:1      | nightchill the Hill Orc Fire Elementalist began the quest
                  | for the Orb.
     0 | D:1      | Reached XP level 1. HP: 14/14 MP: 3/3
   289 | D:1      | Reached XP level 2. HP: 22/22 MP: 2/4
   417 | D:1      | Reached skill level 1 in Fighting
   704 | D:1      | Reached XP level 3. HP: 28/28 MP: 1/5
  1822 | D:2      | Reached XP level 4. HP: 36/36 MP: 4/7
  2746 | D:2      | Learned a level 4 spell: Sticky Flame
  3051 | D:3      | Reached XP level 5. HP: 39/41 MP: 8/8
  3084 | D:3      | Reached skill level 1 in Axes
  3395 | D:3      | Found a bloodstained altar of Trog.
  3705 | D:3      | Found a basalt altar of Yredelemnul.
  3950 | D:4      | Reached skill level 2 in Axes
  3980 | D:4      | Found a staircase to the Ecumenical Temple.
  3982 | D:4      | Noticed Menkaure
  4096 | D:4      | Killed Menkaure
  4097 | D:4      | Reached skill level 3 in Axes
  4097 | D:4      | Reached skill level 5 in Fire Magic
  4097 | D:4      | Reached XP level 6. HP: 24/50 MP: 9/9
  4264 | D:4      | Noticed Robin
  4569 | D:4      | Killed Robin
  4819 | D:4      | Got a smoking long sword
  4822 | Temple   | Entered the Ecumenical Temple
  4823 | Temple   | Identified the +10 long sword of the Insatiable Mice
                  | {antimagic, rPois Int+4} (You found it on level 4 of the
                  | Dungeon)
  5016 | Temple   | Became a worshipper of Gozag Ym Sagoz the Greedy
  5090 | D:4      | Reached XP level 7. HP: 57/57 MP: 8/11
  5184 | D:4      | Reached skill level 4 in Axes
  5569 | D:4      | Found an iron altar of Okawaru.
  5678 | D:5      | Entered Level 5 of the Dungeon
  5754 | D:5      | Found a sand-covered staircase.
  5762 | Ossuary  | Entered an ossuary
  6001 | Ossuary  | Reached skill level 5 in Axes
  6624 | D:5      | Found a runed translucent gate.
  6624 | D:5      | Found a runed translucent gate.
  6624 | D:5      | Found a runed translucent gate.
  6626 | D:5      | Noticed Torikoriko's ghost (weakling PaDe)
  6656 | D:5      | Found a hide-covered altar of Uskayaw.
  6708 | D:5      | Found an ancient bone altar of Kikubaaqudgha.
  6708 | D:5      | Found a sparkling altar of Nemelex Xobeh.
  7611 | D:5      | Reached XP level 8. HP: 41/66 MP: 4/12
  7884 | D:4      | Reached skill level 6 in Axes
  8789 | D:5      | Reached skill level 7 in Axes
 10120 | D:6      | Reached skill level 5 in Fighting
 10227 | D:6      | Reached XP level 9. HP: 74/74 MP: 6/14
 10376 | D:6      | Reached skill level 8 in Axes
 11204 | D:6      | Found an ornate altar of the Wu Jian Council.
 11412 | D:7      | Noticed Maggie
 11431 | D:7      | Killed Maggie
 11432 | D:7      | Reached skill level 9 in Axes
 11432 | D:7      | Reached skill level 5 in Conjurations
 12173 | D:7      | Found a sacrificial altar of Ru.
 12175 | D:7      | Found a radiant altar of Vehumet.
 12247 | D:7      | Found a runed translucent gate.
 12247 | D:7      | Noticed a kobold demonologist
 12250 | D:7      | Found a sacrificial altar of Ru.
 12270 | D:7      | Found a runed translucent gate.
 12270 | D:7      | Noticed arta456's ghost (weakling DgCj)
 12271 | D:7      | Found a runed translucent gate.
 12617 | D:8      | Noticed Maurice
 12633 | D:8      | Killed Maurice
 12799 | D:8      | Reached XP level 10. HP: 64/84 MP: 9/16
 12927 | D:8      | Reached skill level 10 in Axes
 13075 | D:8      | Found an ornate altar of the Wu Jian Council.
 14767 | D:8      | Paralysed by a hornet for 3 turns
 15270 | D:8      | Reached skill level 5 in Spellcasting
 15983 | D:9      | Reached skill level 11 in Axes
 16148 | D:9      | Noticed Prince Ribbit
 16153 | D:8      | Killed Prince Ribbit
 16202 | D:8      | Upgraded the game from 0.26.1-10-gdfb7c7de75 to
                  | 0.26.1-11-gd32895ea62
 16208 | D:8      | Learned a level 2 spell: Searing Ray
 16636 | D:9      | Found a stormy altar of Qazlal.
 16963 | D:9      | Reached XP level 11. HP: 94/94 MP: 16/19
 17185 | D:9      | Reached skill level 12 in Axes
 17764 | D:10     | Entered Level 10 of the Dungeon
 18423 | D:10     | Got a shimmering leather armour
 18515 | D:10     | Found a staircase to the Lair.
 19259 | D:10     | Found a runed translucent gate.
 19400 | D:10     | Found a runed translucent gate.
 19400 | D:10     | Found a runed translucent gate.
 19402 | D:10     | Noticed MalarOregon's ghost (journeyman HaAE)
 20360 | D:10     | Found a staircase to the Orcish Mines.
 20918 | Lair:1   | Entered Level 1 of the Lair of Beasts
 20925 | Lair:1   | Learned a level 5 spell: Fireball
 20930 | Lair:1   | Learned a level 3 spell: Inner Flame
 20990 | Lair:1   | Noticed a four-headed hydra
 21001 | Lair:1   | Killed a four-headed hydra
 21002 | Lair:1   | Reached skill level 13 in Axes
 21239 | Lair:1   | Got a heavily runed granite ring
 21281 | Lair:1   | Reached XP level 12. HP: 113/113 MP: 21/21
 21881 | Lair:1   | Noticed Nergalle
 21903 | Lair:1   | Killed Nergalle
 22502 | Lair:2   | Reached XP level 13. HP: 112/122 MP: 22/22
 22926 | Lair:2   | Found a staircase to the Snake Pit.
 23540 | Lair:2   | Reached skill level 14 in Axes
 24013 | Lair:2   | Found a staircase to the Swamp.
 24410 | Lair:3   | Reached skill level 10 in Fire Magic
 26094 | Lair:3   | Identified the cursed +1 leather armour "Moibroh" {rF+}
                  | (You found it on level 10 of the Dungeon)
 26117 | Lair:3   | Identified the ring of Vap Sogg {*Slow +Inv +Fly rElec rC+}
                  | (You found it on level 1 of the Lair of Beasts)
 26212 | Lair:3   | Found a blossoming altar of Fedhas.
 27451 | Lair:4   | Got a translucent leather armour
 28226 | Lair:4   | Killed by an exploding an eight-headed hydra... exploding
                  | inner flame

Illustrated notes

Levels and vault maps discovered:
D:1:      dpeg_arrival_chambers_temple_mockup, layout_basic, minmay_cut_off
D:2:      minmay_chambers_of_twos, layout_basic, hex_medium,
          grunt_ministairs_10, minmay_hexomino_f4
D:3:      layout_basic, yredelemnul_altar_generic, bloody_trog
D:4:      layout_cave_pools, lemuel_round_altar, minmay_temple_entry_offerings,
          uniq_menkaure, uniq_robin
D:5:      minmay_goblin_kobold_castle, layout_basic,
          gammafunk_temple_overflow_claw, ebering_ghost_rock_garden,
          enter_ossuary_4
D:6:      layout_basic, kennysheep_mini
D:7:      layout_cave_pools, chequers_temple_overflow_statue_of_worship,
          gammafunk_ghost_nasty_kobolds, nicolae_ru_the_path_less_chosen,
          uniq_maggie
D:8:      layout_basic, basic_altar, hangedman_pestilent_swarm, uniq_maurice
D:9:      layout_gridville, kennysheep_mini_moat, minmay_ruffians,
          uniq_prince_ribbit1
D:10:     layout_loops_cross, dpeg_oklobed_lair, david_orc_4, enter_bailey_3,
          gammafunk_ghost_necromancy
Temple:   hc_temple_tempest_star
Lair:1:   layout_chaotic_city, minivault_19, grunt_forest_small_clearing_treed,
          uniq_nergalle
Lair:2:   layout_loops_ring, swamp_mist, minmay_snake_entry_spellcaster,
          minivault_25, infiniplex_staircase_pool, grunt_megastairs_3
Lair:3:   cheibrodos_lair_river_kwai, layout_layer_cave,
          chequers_serial_rivers_small_3, tgw_fedhas
Lair:4:   layout_loops_ring, guppyfry_lair_drakes

Skill      XL: |  1  2  3  4  5  6  7  8  9 10 11 12 13 |
---------------+----------------------------------------+-----
Fighting       | 1 2 3 4 5 6 7 12 13 | 13.6
Fire Magic     | 4 5 6 7 8 9 10 | 10.3
Spellcasting   | 2 3 4 5 6 7 |  7.0
Conjurations   | 2 3 4 5 6 7 8 |  8.8
Axes           | 3 5 7 9 11 13 14 | 14.9
Dodging        | |  1.5
Stealth        | |  1.5

Action                   |  1- 3 |  4- 6 |  7- 9 | 10-12 | 13-15 || total
-------------------------+-------+-------+-------+-------+-------++-------
Melee: Unarmed           |    23 |       |       |       |       ||    23
       Whip              |    47 |    61 |       |       |       ||   108
       Hand axe          |       |    12 |       |       |       ||    12
       War axe           |       |    47 |   255 |   410 |   150 ||   862
 Cast: Foxfire           |    38 |    49 |   123 |     1 |       ||   211
       Sticky Flame      |       |       |    32 |    59 |    49 ||   140
       Searing Ray       |       |       |       |    38 |     8 ||    46
       Inner Flame       |       |       |       |    11 |    22 ||    33
       Fireball          |       |       |       |     1 |       ||     1
Invok: Potion Petition   |       |       |       |     2 |       ||     2
  Use: Scroll            |       |     3 |     4 |     7 |     6 ||    20
       Potion            |       |     2 |     3 |     1 |       ||     6
 Stab: Sleeping          |     3 |     1 |     2 |       |       ||     6
       Distracted        |       |       |       |       |     1 ||     1
Armor: Robe              |    16 |    26 |    53 |     9 |       ||   104
       Swamp dragon scal |       |       |       |   211 |    83 ||   294
Dodge: Dodged            |    74 |   115 |   239 |   394 |   162 ||   984
       Repelled          |       |     2 |     2 |     2 |     1 ||     7
